Cogmind - Beta 9.4 @@@ ROGUE MODE // 2020.03.25 @ 16:17:46 Player: PYNTER Result: Destroyed by L-31 Rogue with Katana Performance ------------- Evolutions (1) 500 Regions Visited (3) 600 Robots Destroyed (12) 60 Value Destroyed (276) 276 Prototype IDs (0) 0 Alien Tech Used (0) 0 Bonus (50) 50 TOTAL SCORE: 1486 Bonus ------- Follower Combat Kills 50 Cogmind --------- Core Integrity 0/400 Matter 300/300 Energy 100/100 System Corruption 0% Temperature Cool (0) Movement Core (50) Location -9/Materials Parts ------- > --- POWER (2) -------- (None) > --- PROPULSION (2) --- (None) > --- UTILITY (2) ------ Improved Signal Interpreter > --- WEAPON (3) ------- Hammer > --- INVENTORY (4) ---- Compact Wheel Peak State ------------ > --- POWER ------------ Ion Engine > --- PROPULSION ------- Wheel Compact Wheel > --- UTILITY ---------- Sensor Array Improved Signal Interpreter > --- WEAPON ----------- Medium Laser Heavy Assault Rifle Hammer > --- INVENTORY -------- Compact Wheel [Rating: 10] Favorites ----------- Power Ion Engine Engine Ion Engine Propulsion Compact Wheel Wheel Compact Wheel Utility Improved Signal Interpreter Device Sensor Array Processor Improved Signal Interpreter Weapon Medium Laser Energy Gun Medium Laser Ballistic Gun Heavy Assault Rifle Impact Weapon Hammer Build | -11 -10 -10 -9 ------- Run | Scr Mat Min Mat Slots Evolved 2 | . . . 2 Power 1 | . . . 1 Propulsion . | . . . . Utility . | . . . . Weapon 1 | . . . 1 Parts Attached 13 | 5 7 . 1 Power 1 | 1 . . . Engine 1 | 1 . . . Core . | . . . . Reactor . | . . . . Propulsion 4 | 2 2 . . Treads . | . . . . Leg . | . . . . Wheel 4 | 2 2 . . Hover . | . . . . Flight . | . . . . Utility 3 | . 3 . . Device 1 | . 1 . . Storage . | . . . . Processor 2 | . 2 . . Hackware . | . . . . Protection . | . . . . Artifact . | . . . . Weapon 5 | 2 2 . 1 Energy Gun 3 | 2 1 . . Energy Cannon . | . . . . Ballistic Gun 1 | . . . 1 Ballistic Cannon . | . . . . Launcher . | . . . . Special Weapon . | . . . . Impact Weapon 1 | . 1 . . Slashing Weapon . | . . . . Piercing Weapon . | . . . . Special Melee Weapon . | . . . . Unidentified Prototypes . | . . . . Parts Lost 7 | . 1 . 6 Power 1 | . . . 1 Propulsion 2 | . . . 2 Utility 1 | . . . 1 Weapon 3 | . 1 . 2 Highest Loss Streak 5 | . 1 . 5 Average Slot Usage (%) 81 | . 94 100 59 Engine 10 | . 14 14 6 Wheel 21 | . 28 28 12 Device 9 | . 7 14 10 Processor 13 | . 15 14 11 Energy Gun 11 | . 16 14 4 Ballistic Gun 1 | . . . 4 Impact Weapon 11 | . 10 14 11 Naked Turns . | . . . . Heaviest Build 13 | 9 10 10 13 Greatest Support 32 | 26 32 26 26 Greatest Overweight (x) 1 | . . . 1 Average Overweight (x) . | . . . . Largest Inventory Capacity 4 | 4 4 4 4 Average Capacity 4 | 4 4 4 4 Most Carried 2 | . 2 1 1 Average Carried 1 | . 1 1 1 Final Capacity 4 | 4 4 4 4 Final Carried 1 | . 1 1 1 Class Distribution -------------------- 100% | Mutant Dominant Class ---------------- Mutant | -10/Materials Mutant | -10/Mines Mutant | -9/Materials Resources | -11 -10 -10 -9 ----------- Run | Scr Mat Min Mat Matter Collected 329 | 207 46 43 33 Remotely . | . . . . Salvage Created 367 | . 110 . 257 Parts 24 | . 15 . 9 Haulers Intercepted . | . . . . Recyclers Shooed . | . . . . Parts Field Recycled . | . . . . Retrieved Matter . | . . . . Parts Self-Destructed . | . . . . Prevented . | . . . . Kills | -11 -10 -10 -9 ------- Run | Scr Mat Min Mat Combat Hostiles Destroyed 11 | . 6 . 5 Melee 2 | . . . 2 Guns 8 | . 6 . 2 Classes Destroyed 4 | . 2 . 2 Worker 1 | . 1 . . Swarmer 6 | . 6 . . Grunt 3 | . . . 3 Sentry 2 | . . . 2 Best Kill Streak 4 | . 4 . 2 Combat Bots Only 3 | . 3 . 2 Max Kills in Single Turn 1 | . 1 . 1 Gunslinging . | . . . . Exploded . | . . . . Melee 1 | . . . 1 Uniques/NPCs Destroyed . | . . . . Combat | -11 -10 -10 -9 -------- Run | Scr Mat Min Mat Damage Taken 841 | . 151 . 690 Core 445 | . 38 . 407 Absorbed by Shields . | . . . . Core Remaining (%) 92 | 100 . 84 . Volleys Fired 31 | . 22 . 9 Largest 2 | . 1 . 2 Hottest 73 | . 50 . 73 Shots Fired 33 | . 22 . 11 Gun 33 | . 22 . 11 Cannon . | . . . . Launcher . | . . . . Special . | . . . . Kinetic 3 | . . . 3 Thermal 30 | . 22 . 8 Explosive . | . . . . Electromagnetic . | . . . . Robot Hit Streak 8 | . 2 . 8 Robot Miss Streak 3 | . 3 . 3 Penetration Max . | . . . . Secondary Targets . | . . . . Shots Hit Robots 40 | . 10 . 30 Core Hits 14 | . 7 . 7 Critical Hits . | . . . . Critical Kills . | . . . . Critical Parts Destroyed . | . . . . Melee Attacks 32 | . 1 . 31 Impact 32 | . 1 . 31 Slashing . | . . . . Piercing . | . . . . Sneak Attacks . | . . . . Combat Hostiles . | . . . . Follow-up Attacks . | . . . . Damage Inflicted 610 | . 163 . 447 Guns 286 | . 163 . 123 Cannons . | . . . . Explosions . | . . . . Melee 324 | . . . 324 Ramming . | . . . . Kinetic 45 | . . . 45 Thermal 241 | . 163 . 78 Explosive . | . . . . Electromagnetic . | . . . . Impact 324 | . . . 324 Slashing . | . . . . Piercing . | . . . . Highest Corruption . | . . . . Average Corruption . | . . . . Corruption Purged . | . . . . Overload Shots . | . . . . Overflow Damage 1 | . . . 1 Projectiles . | . . . . Explosions . | . . . . Melee 1 | . . . 1 Knockbacks 4 | . . . 4 Impact 4 | . . . 4 Kinetic . | . . . . Secondary . | . . . . Self-Inflicted Damage . | . . . . Shots . | . . . . Rammed . | . . . . Targets Rammed . | . . . . Kicked . | . . . . Crushed . | . . . . Highest Temperature 120 | . 120 . 42 Average Temperature 39 | . 46 . 20 Received Heat Transfer 303 | . . . 303 Siege Activations . | . . . . Robots Corrupted . | . . . . Combat Hostiles . | . . . . Parts Fried 1 | . . . 1 Impact Corruptions 2 | . . . 2 Robots Melted . | . . . . Combat Hostiles . | . . . . Parts Melted 1 | . 1 . . Heat Transferred 703 | . 481 . 222 Parts Sabotaged . | . . . . Parts Stolen . | . . . . Parts Stripped . | . . . . Power Chain Reactions . | . . . . Missiles Intercepted . | . . . . Alert | -11 -10 -10 -9 ------- Run | Scr Mat Min Mat Peak Influence 165 | . 165 64 161 Average Influence 65 | . 55 64 95 Maximum Alert Level . | . . . . Low Security (%) 100 | 100 100 100 100 Level 1 . | . . . . Level 2 . | . . . . Level 3 . | . . . . Level 4 . | . . . . Level 5 . | . . . . High Security . | . . . . Max Security . | . . . . Squads Dispatched 1 | . . . 1 Investigation . | . . . . Extermination . | . . . . Reinforcement 1 | . . . 1 Assault . | . . . . Garrison . | . . . . Intercept . | . . . . Construction Impeded . | . . . . Haulers Reinforced . | . . . . Stealth | -11 -10 -10 -9 --------- Run | Scr Mat Min Mat Distress Signals 3 | . 1 . 2 Communications Jammed . | . . . . Distress Signals . | . . . . Times Spotted 20 | . 10 . 10 Peak Tracking Total 6 | . 6 . 5 Tactical Retreats 1 | . . . 1 Traps | -11 -10 -10 -9 ------- Run | Scr Mat Min Mat Traps Triggered . | . . . . Indirectly . | . . . . Trap Hack Attempts . | . . . . Triggered . | . . . . Disarmed . | . . . . Reprogrammed . | . . . . Reused . | . . . . Traps Extracted . | . . . . Installed . | . . . . Triggered . | . . . . Machines | -11 -10 -10 -9 ---------- Run | Scr Mat Min Mat Machines Disabled 1 | . . . 1 Max in Single Turn . | . . . . Machines Sabotaged . | . . . . Garrisons Compromised . | . . . . Overloaded Fab Kills . | . . . . Fab Network Shutdowns . | . . . . Hacking | -11 -10 -10 -9 --------- Run | Scr Mat Min Mat Machines Accessed 1 | . 1 . . Terminals . | . . . . Fabricators . | . . . . Repair Stations . | . . . . Recycling Units 1 | . 1 . . Scanalyzers . | . . . . Garrison Access . | . . . . Total Hacks 2 | . 2 . . Successful 2 | . 2 . . Failed . | . . . . Catastrophic . | . . . . Database Lockouts . | . . . . Manual . | . . . . Terminals . | . . . . Fabricators . | . . . . Repair Stations . | . . . . Recycling Units 2 | . 2 . . Scanalyzers . | . . . . Garrison Access . | . . . . Terminal Hacks . | . . . . Fabricator Hacks . | . . . . Repair Station Hacks . | . . . . Recycling Unit Hacks 2 | . 2 . . Report Inventory 1 | . 1 . . Retrieve Components 1 | . 1 . . Scanalyzer . | . . . . Garrison Access Hacks . | . . . . Unauthorized Hacks . | . . . . Terminals . | . . . . Fabricators . | . . . . Repair Stations . | . . . . Recycling Units . | . . . . Scanalyzers . | . . . . Garrison Access . | . . . . Data Cores Recovered . | . . . . Used . | . . . . Hacking Detections . | . . . . Full Trace Events . | . . . . Feedback Events . | . . . . Feedback Blocked . | . . . . Robot Schematics Acquired . | . . . . Robots Built . | . . . . Matter . | . . . . Time . | . . . . Total Robot Build Rating . | . . . . Part Schematics Acquired . | . . . . Parts Built . | . . . . Matter . | . . . . Time . | . . . . Total Part Build Rating . | . . . . Parts Repaired . | . . . . Time . | . . . . Parts Recycled . | . . . . Recycled Matter . | . . . . Retrieved Matter . | . . . . Retrieved Components 3 | . 3 . . Parts Scanalyzed . | . . . . Part Schematics Acquired . | . . . . Parts Damaged . | . . . . Bothacking | -11 -10 -10 -9 ------------ Run | Scr Mat Min Mat Used RIF Installer . | . . . . Robots Hacked . | . . . . Non-combat . | . . . . Combat . | . . . . Robot Hacks Applied . | . . . . Relay Couplers Released . | . . . . Robots Rewired . | . . . . Allies Hacked . | . . . . Hacks Repelled . | . . . . Allies | -11 -10 -10 -9 -------- Run | Scr Mat Min Mat Total Allies 3 | . . 3 . Largest Group 3 | . . 3 3 Highest-Rated Group 40 | . . 40 40 Highest-Rated Ally 16 | . . 16 16 Total Orders . | . . . . Ally Attacks 13 | . . . 13 Total Damage 130 | . . . 130 Kills 2 | . . . 2 Allies Corrupted . | . . . . Allies Melted . | . . . . Intel | -11 -10 -10 -9 ------- Run | Scr Mat Min Mat Robot Analysis Total . | . . . . Derelict Logs Recovered 1 | . . 1 . Drone Launches . | . . . . Drone Recoveries . | . . . . Exploration | -11 -10 -10 -9 ------------- Run | Scr Mat Min Mat Turns Passed 497 | 46 223 46 182 Spaces Moved 350 | 46 182 42 80 Core 29 | 6 . . 23 Treads . | . . . . Legs . | . . . . Wheels 321 | 40 182 42 57 Hover . | . . . . Flight . | . . . . Fastest Speed 50 | 50 90 90 50 Average Speed 87 | 85 90 90 81 Slowest Speed 100 | 100 100 90 100 Overloaded Moves . | . . . . Propulsion Burnouts . | . . . . Robots Hopped . | . . . . Cave-ins Triggered . | . . . . Exploration Rate (%) 16 | 3 37 16 10 Regions Visited 3 Branch Regions 1 Pre-discovered Areas . | . . . . Known Exits Taken 2 | . 1 1 . Unknown Exits Taken 1 | 1 . . . Scrap Searched 1 | . . 1 . Spaces Dug . | . . . . Terrain Destroyed . | . . . . Melee . | . . . . Projectile . | . . . . AOE . | . . . . Actions | -11 -10 -10 -9 --------- Run | Scr Mat Min Mat Total 455 | 50 216 50 139 Wait 27 | . . 9 18 Move 347 | 45 181 41 80 Hop . | . . . . Pick Up . | . . . . Fast Attach 12 | 5 6 . 1 Attach 1 | . 1 . . Detach 4 | . 4 . . Swap . | . . . . Drop 1 | . 1 . . Fire 31 | . 22 . 9 Melee 32 | . 1 . 31 Ram . | . . . . Kick . | . . . . Crush . | . . . . Escape Stasis . | . . . . Rewire . | . . . . Trap . | . . . . Miscellaneous . | . . . . Route ------- -11/Scrapyard -10/Materials -10/Mines -9/Materials History --------- Turn | Location | Event 4 | -11/Scrapyard | Discovered new exit (range 16) 47 | -11/Scrapyard | Entered Materials 263 | -10/Materials | Discovered new exit (range 8) 269 | -10/Materials | Identified exit to Mines 270 | -10/Materials | Entered Mines 273 | -10/Mines | Learned Materials security intel 278 | -10/Mines | Assembled infested the area 279 | -10/Mines | Assisted by bots powering up and referring to "LRC-V3" 292 | -10/Mines | Discovered new exit (range 16) 305 | -10/Mines | Identified exit to Materials 306 | -10/Mines | Build established: Mutant 316 | -10/Mines | Entered Materials 316 | -9/Materials | Accompanied by 3 allies 316 | -9/Materials | Evolved 2 slots: Power x1, Weapon x1 455 | -9/Materials | Core integrity fell below 50% 472 | -9/Materials | Lost 5 parts (1p2n2w) 482 | -9/Materials | Core integrity fell below 20% 498 | -9/Materials | Destroyed by L-31 Rogue with Katana Last Messages --------------- Y-45 Defender destroyed. G-47 Trooper knocked back. Ion Engine destroyed. W-16 Scout sends out distress signal. K-01 Serf collects debris. Destroyed Lgt. Nuclear Core. G-47 Trooper system corrupted by crushing effect. G-47 Trooper system terminally corrupted. Particle Gun fried. Com. Wheel destroyed. Destroyed Visual Processing Unit. W-16 Scout system corrupted by crushing effect. Hvy. Assault Rifle destroyed. G-34 Mercenary knocked back. K-01 Serf collects debris. G-34 Mercenary knocked back. K-01 Serf collects debris. G-34 Mercenary destroyed. Sensor Array destroyed. K-01 Serf collects debris. Map ----- +----------------------------------------------------+ | ??????????# #?# ???????????????????? | | ??????????# #?# ??????????????????? | | ??????????# #?######## ????????????????? | | ??????????# ###### ##?? ???????????????? | | ??????????# # #??? #??????????????? | | ??????????# # """"" #????#??????????????? | | ??????????# # """"" #???????????????????? | | ??????????# # """"" #???????????????????? | | ????????### #=% #???????????????????? | | ????????# # #???????????????????? | | ????????# #! != #???????????????????? | | ????????# %!#= != #???????????????????? | | ????????# [!+% != #???????????????????? | | ????????# =%#! [ #???????????????????? | | ????????#=%[# #???????????????????? | | ????????#=**##########??????????????????? | | ????????#!%=#???? #??????????????????? | | ????????# #?? #??????????????????? | | ????????# %=# #??????????????????? | | ????????# / #??????????????????? | | ????????#= # +??????????????????? | | ????????#[= # #??????????????????? | | ????????#=%*##########??????????????????? | | ????????#%! #????????????????????? | | ????????+^ l #????????????????????? | | ????????# """@ #????????????????????? | | ????????# g"""" #????????????????????? | | ????????# """" #????????????????????? | | ????????# [g #????????????????????? | | ????????# ! #????????????????????? | | ????????# """" #????????????????????? | | ????????# """" #????????????????????? | | ????????# """" #????????????????????? | | ????????# +????????????????????? | | ????????# #????????????????????? | | ????????# #????????????????????? | | ???????? ?? " #????????????????????? | | ???????? ? T #????????????????????? | | ???????? ?? " #????????????????????? | | ??????? ?? ? #????????????????????? | | ??????? ?? ? #????????????????????? | | ??????? #"??"?##?????????????????????? | | ????????? ?????????????????????????????? | | ????????????????????????????????????????? | | ????????????????????????????????????????? | | ????????????????????????????????????????? | | ????????????????????????????????????????? | | ????????????????????????????????????????? | | ????????????????????????????????????????? | | ????????????????????????????????????????? | +----------------------------------------------------+ Best States ------------- Heat Dissipation 28 Energy Generation 10 Energy Capacity 250 Matter Stores 300 Matter Capacity 300 Sight Range 16 Robot Scan Range 10 Terrain Scan Density 60 Evasion (%) 50 Item Schematics ----------------- None Robot Schematics ------------------ None Fabricated ------------ Nothing Alien Tech Used ----------------- None Achievements -------------- None Challenges ------------ None Game ------ Seed dog Manual? 1 Play Time 00:08:51 Cumulative 3.8 hours Start 2020.03.25 @ 16:11:10 End 2020.03.25 @ 16:17:46 Sessions 1 Manual Loads 0 Difficulty Rogue Special Mode None Game No. 7 Rogue 7 Adventurer 0 Explorer 0 Win Type - Total 0 Types 0/0/0/0/0/0/0 Lore% 12 Gallery% 11 Achievement% 9 Wizard Run 0 Options --------- ASCII 0 Keyboard 1 Movement Numpad Keybinds 0 Fullscreen 1 Font 18/TerminusBold Map View 76x50 Tactical HUD 0 Map Filters NONE Filters NONE Steam 1 RUN: c018161f-2455-4bc4-88a5-45d8038cfacb